 Dungeon Crawl Stone Soup version 0.18-a0-1805-g8ab820f (webtiles) character file.

212 Mefis the Magician (level 5, -1/42 HPs)
             Began as a Deep Elf Wizard on Apr 26, 2016.
             Killed from afar by an orc wizard (8 damage)
             ... with a magic dart
             ... on level 4 of the Dungeon.
             The game lasted 00:25:58 (4485 turns).

Mefis the Magician (Deep Elf Wizard)                Turns: 4485, Time: 00:25:58

Health: -1/42      AC: 22    Str:  4    XL:     5   Next: 58%
Magic:  5/15       EV:  2    Int: 24    God:
Gold:   117        SH:  0    Dex: 13    Spells: 7 memorised, 1 level left

rFire  . . .     SeeInvis .     n - +2 dagger (freeze)
rCold  . . .     Gourm    .     (armour currently unavailable)
rNeg   + + +     Faith    .     (no shield)
rPois  +         Spirit   .     (helmet currently unavailable)
rElec  .         Dismiss  .     (cloak currently unavailable)
rCorr  .         Reflect  .     (gloves currently unavailable)
SustAt .         Harm     .     (boots currently unavailable)
MR     .....     NoTele   +     (no amulet)
Stlth  ++++......               (no ring)
                                y - ring of stealth

@: tree-form, very slightly contaminated, repel missiles, not resistant to
hostile enchantments, stealthy
A: no striking features
a: no special abilities


You were on level 4 of the Dungeon.
You were very hungry.
You were a tree.
You visited 1 branch of the dungeon, and saw 4 of its levels.
You also visited: Sewer.

You collected 117 gold pieces.

Inventory:

Hand Weapons
 e - a +0 short sword
 n - a +2 dagger of freezing (weapon)
 q - a +0 hunting sling
 B - a +0 blowgun
Missiles
 h - 27 poisoned needles
 o - 20 sling bullets
Armour
 a - a +0 robe (melded)
 b - a +0 hat (melded)
Jewellery
 y - a ring of stealth (left branch)
Scrolls
 g - 2 scrolls of identify {unknown}
 i - 3 scrolls of enchant armour {unknown}
 m - 3 scrolls of remove curse {unknown}
 r - 2 scrolls of enchant weapon {unknown}
 s - 5 scrolls of teleportation {unknown}
 t - a scroll of amnesia {unknown}
 x - a scroll of noise {unknown}
 A - a scroll of magic mapping {unknown}
Potions
 l - 2 potions of magic
 v - a potion of ambrosia {unknown}
 w - a potion of haste {unknown}
 z - a potion of degeneration {unknown}
 C - a potion of brilliance {unknown}
Books
 c - a book of Minor Magic

   Spells                             Type                      Level
   a - Magic Dart                     Conjuration                  1
   b - Blink                          Translocation                2
   c - Call Imp                       Summoning                    2
   d - Repel Missiles                 Charms/Air                   2
   e - Slow                           Hexes                        2
   f - Conjure Flame                  Conjuration/Fire             3
   g - Mephitic Cloud                 Conjuration/Poison/Air       3
Comestibles
 d - 3 bread rations
 f - a royal jelly
 j - 2 meat rations
 p - a beef jerky
 u - 4 fruits


   Skills:
 + Level 3.4 Dodging
 + Level 3.1 Stealth
 + Level 6.0 Spellcasting
 + Level 2.6 Conjurations
 - Level 0.4 Charms
 + Level 2.1 Summonings
 + Level 1.8 Translocations
 - Level 0.2 Air Magic
 + Level 1.4 Poison Magic


You had one spell level left.
You knew the following spells:

 Your Spells              Type           Power        Failure   Level  Hunger
a - Magic Dart            Conj           ###.         2%          1    None
b - Call Imp              Summ           ###.....     6%          2    None
c - Blink                 Tloc           N/A          8%          2    None
d - Repel Missiles        Chrm/Air       #.....       12%         2    None
e - Mephitic Cloud        Conj/Pois/Air  ##......     17%         3    #......
f - Conjure Flame         Conj/Fire      ##......     17%         3    #......
g - Slow                  Hex            #.......     12%         2    None


Dungeon Overview and Level Annotations

Branches:
Dungeon (4/15)
 Temple: D:4-7

Altars:
Ashenzari
Yredelemnul
Zin

Shops:
D:4 %

Annotations:
D:3 barb4r1an's ghost, amateur DrTm


Message History

The orc wizard gestures at you while chanting.
The magic dart hits you!
The orc wizard hits you but does no damage.
You hit the orc wizard but do no damage.
The orc wizard hits you but does no damage.
You are feeling very hungry.
You hit the orc wizard but do no damage.
The orc wizard hits you but does no damage. x2
You barely miss the orc wizard.
The orc wizard hits you but does no damage.
You barely miss the orc wizard.
The orc wizard hits you but does no damage. x2
You hit the orc wizard. You freeze the orc wizard.
The orc wizard is lightly wounded.
The orc wizard hits you but does no damage.
You hit the orc wizard. You freeze the orc wizard.
The orc wizard is moderately wounded.
The orc wizard gestures at you while chanting.
The magic dart hits you!
You die...

#.#..#######.
#.#........# #.
#.##(#####.# #.
#####.##())..# #.
........####.# #.##
#####.#.# #.# #o.. ..
#.####.#
...##############..((.(#
#.............)♣o######
#.##############.# #.#
#... #.# #.### ### ###


You could see an orc wizard.

Vanquished Creatures
  An orc wizard (D:4)
  6 adders
  2 river rats (Sewer)
  A worm (D:3)
  2 dart slugs
  A giant gecko (D:1)
  5 orcs (D:4)
  13 bats
  5 giant cockroaches
  5 goblins
  6 hobgoblins
  6 jackals
  2 quokkas
  2 ball pythons (Sewer)
  12 giant newts
  10 kobolds
  15 rats
94 creatures vanquished.

Vanquished Creatures (collateral kills)
  2 adders
  A worm (D:2)
  A giant gecko (D:3)
  A hobgoblin (D:3)
5 creatures vanquished.

Grand Total: 99 creatures vanquished

Notes
Turn   | Place    | Note
--------------------------------------------------------------
     0 | D:1      | Mefis the Deep Elf Wizard began the quest for the Orb.
     0 | D:1      | Reached XP level 1. HP: 10/10 MP: 7/7
   358 | D:1      | Reached XP level 2. HP: 11/15 MP: 2/9
   430 | D:1      | Learned a level 2 spell: Call Imp
   433 | D:1      | Learned a level 2 spell: Blink
   436 | D:1      | Learned a level 2 spell: Repel Missiles
   598 | D:1      | Reached skill level 5 in Spellcasting
  1026 | D:1      | Reached XP level 3. HP: 19/19 MP: 9/11
  1031 | D:1      | Learned a level 3 spell: Mephitic Cloud
  1273 | D:2      | Found a shattered altar of Ashenzari.
  1550 | D:2      | Reached XP level 4. HP: 24/24 MP: 8/13
  1555 | D:2      | Learned a level 3 spell: Conjure Flame
  1887 | D:2      | Found a basalt altar of Yredelemnul.
  1981 | D:3      | Noticed barb4r1an's ghost (amateur DrTm)
  2215 | D:3      | Found a glowing silver altar of Zin.
  2435 | D:3      | Found a glowing drain.
  2439 | Sewer    | Entered a sewer
  2720 | Sewer    | Reached skill level 1 in Poison Magic
  2966 | Sewer    | Reached XP level 5. HP: 22/28 MP: 0/15
  2994 | Sewer    | Learned a level 2 spell: Slow
  4366 | D:4      | Found Vipeh's Food Emporium.
  4477 | D:4      | Reached skill level 6 in Spellcasting
  4485 | D:4      | Killed from afar by an orc wizard

Vault maps used:
D:1:      nagdon_arrival_zigzag_paths, minmay_ruptured
D:2:      marbit_many_paths, evilmike_ruin_ashenzari, uniq_crazy_yiuf_cottage
D:3:      nicolae_overflow_crystal_walls, lightli_sewer_entry_pipes, first_bread
D:4:      corexii_shantytown, serial_shops, shop
Sewer:    sewer_co_cracked_pipes

Skill      XL: |  1  2  3  4  5 |
---------------+----------------+-----
Spellcasting   | 5 6 |  6.0
Dodging        | 3 |  3.4
Conjurations   | 2 |  2.6
Poison Magic   | 1 |  1.4
Stealth        | 3 |  3.1
Summonings     | 2 |  2.1
Charms         | |  0.4
Translocations | |  1.8
Air Magic      | |  0.2

Action                   |  1- 3 |  4- 6 || total
-------------------------+-------+-------++-------
Melee: Short sword       |     5 |       ||     5
       Dagger            |       |    17 ||    17
 Fire: Hunting sling     |       |    13 ||    13
 Cast: Magic Dart        |    93 |   121 ||   214
       Repel Missiles    |     1 |       ||     1
       Call Imp          |       |    15 ||    15
       Conjure Flame     |       |     5 ||     5
       Blink             |       |     5 ||     5
       Mephitic Cloud    |       |     4 ||     4
  Use: Potion            |       |     3 ||     3
  Eat: Chunk             |     2 |     8 ||    10
Armor: Robe              |     6 |     5 ||    11
       Skin              |       |    20 ||    20
Dodge: Dodged            |     8 |    40 ||    48
       Deflected         |     1 |       ||     1
